 Dungeon Crawl Stone Soup version 0.24-a0-525-g9231cdcba1 (webtiles) character file.

Game seed: 13229556869065850139

1808 AarnesTheHuman the Tainter (level 9, -9/66 (69) HPs)
             Began as a Formicid Venom Mage on Aug 1, 2019.
             Was a Believer of Sif Muna.
             Splashed by an orc wizard's acid (13 damage)
             ... on level 6 of the Dungeon.
             The game lasted 00:28:07 (8423 turns).

AarnesTheHuman the Tainter (Formicid Venom Mage)    Turns: 8423, Time: 00:28:08

HP:   -9/66 (69)    AC:  3    Str: 13    XL:     9   Next: 31%
MP:   3/18          EV: 12    Int: 18    God:    Sif Muna [**....]
Gold: 332           SH:  0    Dex: 11    Spells: 10/20 levels left

rFire    . . .     SeeInvis +   y - +4 spear (venom)
rCold    . . .     Gourm    .   (no shield)
rNeg     + . .     Faith    .   a - +0 robe
rPois    .         Spirit   .   (helmet unavailable)
rElec    .         Reflect  .   (no cloak)
rCorr    .         Harm     .   s - +0 pair of gloves
MR       .....                  (no boots)
Stlth    ++........             (no amulet)
HPRegen  0.21/turn              k - ring of positive energy
MPRegen  0.16/turn              (no ring)

@: no status effects
A: permanent stasis, dig shafts and tunnels, four strong arms, antennae 3
a: Dig, Shaft Self, Channel Magic, Renounce Religion


You were on level 6 of the Dungeon.
You worshipped Sif Muna.
Sif Muna was pleased with you.
You were hungry.

You visited 1 branch of the dungeon, and saw 6 of its levels.

You collected 332 gold pieces.

Inventory:

Hand Weapons
 j - a +1 dagger
 m - a +1 whip of electrocution
 r - the +0 mace of Insufficient Pleasure {flame, Str+5}
   (You found it on level 5 of the Dungeon)

   It has been specially enchanted to burn those struck by it, causing extra
   injury to most foes and up to half again as much damage against particularly
   susceptible opponents.
   It affects your strength (+5).
 y - a +4 spear of venom (weapon)
Armour
 a - a +0 robe (worn)
 h - a +0 pair of gloves
 s - a +0 pair of gloves (worn)
Jewellery
 d - a +6 ring of protection {unknown}
 k - a ring of positive energy (left hand)
Wands
 n - a wand of paralysis (8)
Scrolls
 e - 5 scrolls of fog
 f - a scroll of random uselessness
 i - 2 scrolls of immolation
 l - 2 scrolls of identify
 p - a scroll of amnesia {unknown}
 u - a scroll of enchant armour {unknown}
Potions
 b - 2 potions of might
 g - 2 potions of cancellation
 o - 4 potions of mutation
 q - 2 potions of lignification {unknown}
 t - 2 potions of heal wounds {unknown}
 v - a potion of flight {unknown}
 w - a potion of curing {unknown}
Comestibles
 c - 10 rations


   Skills:
 + Level 6.0 Fighting
 - Level 1.7 Dodging
 - Level 2.4 Stealth
 + Level 6.1 Spellcasting
 - Level 2.1 Conjurations
 * Level 10.8 Poison Magic


You had 10 spell levels left.
You knew the following spells:

 Your Spells              Type           Power        Failure   Level  Hunger
a - Sting                 Conj/Pois      ####         1%          1    None
b - Poisonous Vapours     Pois/Air       ####..       1%          2    None
c - Mephitic Cloud        Conj/Pois/Air  ###.....     6%          3    ##.....
d - Olgreb's Toxic Radia  Pois           #####...     1%          4    ####...

Your spell library contained the following spells:

 Spells                   Type           Power        Failure   Level  Hunger
 Confusing Touch          Hex            #.....       12%         1    None
 Venom Bolt               Conj/Pois      ####......   22%         5    #####..
 Confuse                  Hex            #.......     34%         3    ##.....
 Gell's Gravitas          Tloc           #.........   34%         3    ##.....
 Petrify                  Tmut/Erth      #.......     75%         4    ####...
 Metabolic Englaciation   Hex/Ice        #.........   97%         5    #####..
 Yara's Violent Unravell  Hex/Tmut       #.........   97%         5    #####..


Dungeon Overview and Level Annotations

Branches:
Dungeon (6/15)             Temple (0/1) D:4

Altars:
Dithmenos
Elyvilon
Kikubaaqudgha
Makhleb
Sif Muna
Uskayaw
Yredelemnul
Zin

Annotations:
D:4 Sigmund


Innate Abilities, Weirdness & Mutations

You cannot be hasted, slowed, berserked, paralysed or teleported.
You can dig through walls and to a lower floor.
Your four strong arms can wield two-handed weapons with a shield.
You have a pair of large antennae on your head. (SInv)


Message History

The leopard gecko skeleton barely misses you.
The orc misses you.
You closely miss the orc.
The orc is almost dead.
You kill the orc!
Sif Muna accepts your kill.
The leopard gecko skeleton barely misses you.
An ice beast comes into view.
You closely miss the leopard gecko skeleton.
The leopard gecko skeleton closely misses you. x2
You hit the leopard gecko skeleton.
The leopard gecko skeleton is heavily damaged.
The orc wizard zaps a wand.
The bolt of acid hits you!
You are splashed with acid!
* * * LOW HITPOINT WARNING * * *
The leopard gecko skeleton barely misses you.
The orc wizard zaps a wand.
The bolt of acid hits you!
* * * LOW HITPOINT WARNING * * *
You are splashed with acid!
You die...

###....#..## #..## ##..........#
##...####. #........#..##
##..)......
..##....###..####..Y.......
.(#.....###................ .
#.......).##.##..).)........ ..
........÷####.#..)o).##.#... Y..
..##.###)..?....Z)#..##### .{.)
...## #.)......)@###.....#{ ..h..
#...###..........###....)##{{....
....##..)................)..Y....
....#...).........#....#?.##†.###
.[.........)......#...##### #
.......#.............##
.......#.............#
#.##...##.........####
####..####.......##


You could see an ice beast, an orc wizard and a leopard gecko skeleton.

Vanquished Creatures
  A hippogriff (D:4)
  2 phantoms
  A sky beast (D:5)
  3 orc warriors
  A necrophage (D:5)
  A centaur (D:5)
  An ogre (D:3)
  A bullfrog (D:6)
  A gnoll sergeant (D:6)
  2 crimson imps
  4 hounds
  2 orc wizards (D:6)
  An orc priest (D:3)
  2 jellies
  4 worker ants
  A hound skeleton (D:4)
  4 adders
  10 gnolls
  A shadow imp (D:6)
  An ooze (D:3)
  An adder skeleton (D:5)
  2 worms
  A dart slug (D:2)
  3 leopard geckos
  10 orcs
  10 bats
  6 giant cockroaches
  6 goblins
  6 hobgoblins (D:1)
  14 jackals
  4 quokkas
  A ball python (D:4)
  3 frilled lizards
  8 kobolds
  2 leopard gecko skeletons
  A quokka zombie (D:6)
  10 rats
132 creatures vanquished.

Vanquished Creatures (others)
  A plant (D:1)
1 creature vanquished.

Grand Total: 133 creatures vanquished

Notes
Turn   | Place    | Note
-------+----------+-------------------------------------------
     0 | D:1      | AarnesTheHuman the Formicid Venom Mage began the quest for
                  | the Orb.
     0 | D:1      | Reached XP level 1. HP: 13/13 MP: 3/3
    61 | D:1      | Reached skill level 1 in Conjurations
   379 | D:1      | Reached XP level 2. HP: 12/20 MP: 0/5
   386 | D:1      | Learned a level 2 spell: Poisonous Vapours
   561 | D:1      | Reached skill level 1 in Fighting
   874 | D:1      | Reached XP level 3. HP: 23/26 MP: 3/6
  1177 | D:2      | Found an ancient bone altar of Kikubaaqudgha.
  1429 | D:2      | Reached XP level 4. HP: 30/32 MP: 3/8
  1470 | D:2      | Learned a level 3 spell: Mephitic Cloud
  1501 | D:2      | Found a glowing silver altar of Zin.
  1636 | D:2      | Found a shadowy altar of Dithmenos.
  1684 | D:2      | Found a deep blue altar of Sif Muna.
  1684 | D:2      | Found a burning altar of Makhleb.
  2257 | D:3      | Found a deep blue altar of Sif Muna.
  2325 | D:3      | Became a worshipper of Sif Muna the Loreminder
  2675 | D:3      | Reached skill level 5 in Poison Magic
  2675 | D:3      | Reached XP level 5. HP: 24/38 MP: 1/9
  2849 | D:3      | Learned a level 4 spell: Olgreb's Toxic Radiance
  3639 | D:4      | Found a hide-covered altar of Uskayaw.
  3639 | D:4      | Found a basalt altar of Yredelemnul.
  3647 | D:4      | Reached XP level 6. HP: 41/46 MP: 5/11
  3821 | D:4      | Reached * piety under Sif Muna
  3969 | D:4      | Reached skill level 6 in Poison Magic
  4041 | D:4      | Noticed Sigmund
  4147 | D:4      | Found a staircase to the Ecumenical Temple.
  4190 | D:4      | Found a white marble altar of Elyvilon.
  4418 | D:4      | Noticed an ogre
  4596 | D:3      | Killed an ogre
  4596 | D:3      | Reached XP level 7. HP: 47/52 MP: 0/13
  5083 | D:5      | Entered Level 5 of the Dungeon
  5447 | D:5      | Got an iridescent mace
  5450 | D:5      | Identified the cursed +0 mace of Insufficient Pleasure
                  | {flame, Str+5} (You found it on level 5 of the Dungeon)
  5460 | D:5      | Noticed a hippogriff
  5485 | D:4      | Reached skill level 7 in Poison Magic
  6015 | D:4      | Killed a hippogriff
  6107 | D:5      | Reached skill level 8 in Poison Magic
  6107 | D:5      | Reached XP level 8. HP: 5/60 MP: 11/15
  6865 | D:5      | Reached skill level 5 in Spellcasting
  7320 | D:6      | Reached skill level 9 in Poison Magic
  7651 | D:6      | Found a burning altar of Makhleb.
  7656 | D:6      | Reached skill level 5 in Fighting
  7800 | D:6      | Reached ** piety under Sif Muna
  7835 | D:6      | Reached XP level 9. HP: 65/65 MP: 1/17
  8019 | D:6      | Reached skill level 10 in Poison Magic
  8423 | D:6      | Splashed by an orc wizard's acid

Levels and vault maps discovered:
D:1:      roderic_crop_circles_arrival_small, layout_basic
D:2:      layout_basic, nicolae_overflow_hidden_temple, old_standard_altar,
          overflow_temple_1_default, minmay_crystal_room, minmay_cut_off
D:3:      layout_loops_ring, lemuel_blue_sif_altar
D:4:      layout_cave_pods, chequers_temple_overflow_statue_of_worship,
          minmay_temple_entry_tees, uniq_sigmund
D:5:      layout_layer_cave, first_ration, st_stairs_6
D:6:      layout_cave_pools, basic_altar

Skill      XL: |  1  2  3  4  5  6  7  8  9 |
---------------+----------------------------+-----
Conjurations   | 1 2 |  2.1
Fighting       | 1 2 3 4 5 6 |  6.0
Spellcasting   | 3 4 5 6 |  6.1
Poison Magic   | 5 6 8 9 10 | 10.8
Dodging        | |  1.7
Stealth        | |  2.4

Action                   |  1- 3 |  4- 6 |  7- 9 || total
-------------------------+-------+-------+-------++-------
Melee: Unarmed           |    11 |       |       ||    11
       Dagger            |    26 |   120 |    14 ||   160
       Short sword       |     4 |       |       ||     4
       Club              |     3 |       |       ||     3
       Mace              |       |       |   129 ||   129
       Spear             |       |       |    16 ||    16
 Cast: Sting             |    22 |    24 |     2 ||    48
       Poisonous Vapours |    17 |    46 |    63 ||   126
       Mephitic Cloud    |       |     1 |     2 ||     3
       Olgreb's Toxic Ra |       |       |     6 ||     6
  Use: Scroll            |       |    11 |     1 ||    12
 Stab: Sleeping          |     3 |       |       ||     3
  Eat: Chunk             |     3 |     5 |    11 ||    19
       Ration            |       |     2 |     1 ||     3
Armor: Robe              |    15 |    30 |    38 ||    83
Dodge: Dodged            |    35 |   125 |   127 ||   287

Table legend:
 A = Non-vault XP
 B = Vault XP
 C = Vault XP percentage of total XP
 D = Non-vault monster count
 E = Vault monster count
 F = Vault count percentage of total count
                 A         B        C        D         E       F
            +---------+---------+-------+---------+---------+-------
      Total |    2539 |      45 |   1.7 |     128 |       4 |   3.0
            +---------+---------+-------+---------+---------+-------
        D:1 |      30 |       0 |   0.0 |      18 |       0 |   0.0
        D:2 |      50 |       5 |   9.1 |      22 |       3 |  12.0
        D:3 |     264 |       0 |   0.0 |      26 |       0 |   0.0
        D:4 |     458 |      40 |   8.0 |      17 |       1 |   5.6
        D:5 |     779 |       0 |   0.0 |      15 |       0 |   0.0
        D:6 |     958 |       0 |   0.0 |      30 |       0 |   0.0
            +---------+---------+-------+---------+---------+-------
